 Dungeon Crawl Stone Soup version 0.28.0-53-g5a82cb258f (webtiles) character file.

Game seed: 8480355302842972233

5610 jiml777 the Magician (level 10, -3/74 HPs)
             Began as a Gnoll Air Elementalist on July 28, 2022.
             Was an Initiate of Gozag.
             Slain by a two-headed ogre
             ... wielding a +0 dire flail
              (20 damage)
             ... on level 10 of the Dungeon.
             The game lasted 00:59:48 (12750 turns).

jiml777 the Magician (Gnoll Air Elementalist)      Turns: 12750, Time: 00:59:49

Health: -3/74      AC: 11    Str:  7    XL:     10   Next: 73%
Magic:  2/21       EV: 13    Int: 26    God:    Gozag
Gold:   2034       SH:  0    Dex: 11    Spells: 11/24 levels left

rFire   . . .      SeeInvis .   k - +6 dagger (holy)
rCold   . . .      Faith    .   (no shield)
rNeg    . . .      Spirit   .   r - +1 acid dragon scales
rPois   .          Reflect  .   z - +1 helmet {Int+3}
rElec   .          Harm     .   (no cloak)
rCorr   +          Rampage  .   a - +0 pair of gloves
Will    .....                   E - +0 pair of boots
Stlth   +++.......              (no amulet)
HPRegen 0.22/turn               c - ring of wizardry
MPRegen 0.17/turn               d - +6 ring of intelligence

@: swift, corroded, gold aura, very quick
A: fangs 1, strong nose, distributed training, iridescent scales 1, clumsy 1,
dopey 1
a: Renounce Religion, Potion Petition, Call Merchant, Bribe Branch


You were on level 10 of the Dungeon.
You worshipped Gozag.
Gozag was most pleased with you.
You visited 2 branches of the dungeon, and saw 11 of its levels.
You also visited: Ossuary.

You collected 2585 gold pieces.
You spent 454 gold pieces at shops.
You paid 97 gold pieces to Gozag.

Inventory:

Hand Weapons
 f - a +4 vorpal falchion
 g - a +1 rapier of holy wrath
 k - a +6 dagger of holy wrath (weapon)
 C - a +0 broad axe
 K - the +4 hand axe of Yesterday {freeze, Dex+3}
   (You found it on level 9 of the Dungeon)

   It freezes those it strikes, dealing additional cold damage.
   It can also slow down cold-blooded creatures.
   Dex:       It affects your dexterity (+3).
Missiles
 e - 283 stones
 i - 117 arrows
 u - 13 curare-tipped darts
 v - a throwing net
 w - 17 bolts
 x - 72 sling bullets
 y - a silver javelin
 F - 9 poisoned darts
 J - a silver boomerang
Armour
 a - a +0 pair of gloves (worn)
 m - the +2 robe of Obag {*Slow rF+++ Str+3 Int-3 SInv}
   (You found it on level 3 of the Dungeon)

   Str:       It affects your strength (+3).
   Int:       It affects your intelligence (-3).
   rF:        It renders you almost immune to fire.
   SInv:      It lets you see invisible.
   *Slow:     It may slow you when you take damage.
 r - +1 acid dragon scales (worn)
 z - a +1 helmet of intelligence (worn)
 E - a +0 pair of boots (worn)
Jewellery
 c - a ring of wizardry (left hand)
 d - a +6 ring of intelligence (right hand)
 n - a +4 ring of evasion
Wands
 s - a wand of charming (5)
 A - a wand of flame (17)
 B - a wand of paralysis (11)
 G - a wand of acid (8)
 H - a wand of iceblast (5)
 I - a wand of polymorph (17)
Scrolls
 p - 2 scrolls of teleportation
 q - 7 scrolls of identify
 D - a scroll of enchant weapon
 M - a scroll of fear
Potions
 b - 3 potions of might
 h - a potion of berserk rage
 j - 7 potions of curing
 l - 3 potions of invisibility
 o - 4 potions of heal wounds
 t - 3 potions of flight
 L - a potion of cancellation


   Skills:
 + Level 5.5 Fighting
 + Level 5.5 Short Blades
 + Level 5.5 Long Blades
 + Level 5.5 Axes
 + Level 5.5 Maces & Flails
 + Level 5.5 Polearms
 + Level 5.5 Staves
 + Level 5.5 Slings
 + Level 5.5 Bows
 + Level 5.5 Crossbows
 + Level 5.5 Throwing
 + Level 5.5 Armour
 + Level 7.3 Dodging
 + Level 7.0 Stealth
 + Level 5.5 Shields
 + Level 5.5 Unarmed Combat
 + Level 7.5 Spellcasting
 + Level 5.1 Conjurations
 + Level 4.6 Hexes
 + Level 4.6 Summonings
 + Level 4.6 Necromancy
 + Level 4.6 Translocations
 + Level 4.6 Transmutations
 + Level 4.6 Fire Magic
 + Level 4.6 Ice Magic
 + Level 7.2 Air Magic
 + Level 4.6 Earth Magic
 + Level 4.6 Poison Magic
 + Level 6.1 Invocations
 + Level 5.5 Evocations


You had 11 spell levels left.
You knew the following spells:

 Your Spells              Type           Power      Damage    Failure   Level
a - Shock                 Conj/Air       100%       1d9       1%          1
b - Static Discharge      Conj/Air       42%        N/A       1%          2
c - Swiftness             Air            47%        N/A       1%          3
d - Airstrike             Air            23%        N/A       2%          4
e - Teleport Other        Tloc           33%        N/A       1%          3

Your spell library contained the following spells:

 Spells                   Type           Power      Damage    Failure   Level
 Magic Dart               Conj           100%       1d8       1%          1
 Sandblast                Erth           66%        2d15      1%          1
 Passwall                 Tmut/Erth      27%        N/A       1%          2
 Scorch                   Fire           66%        2d8       1%          2
 Searing Ray              Conj           72%        2d7       1%          2
 Call Canine Familiar     Summ           33%        N/A       1%          3
 Gell's Gravitas          Tloc           33%        N/A       1%          3
 Portal Projectile        Hex/Tloc       66%        N/A       1%          3
 Stone Arrow              Conj/Erth      70%        3d11      1%          3
 Flame Wave               Conj/Fire      35%        2d8       6%          4
 Fulminant Prism          Conj/Hex       17%        3d11      6%          4
 Leda's Liquefaction      Hex/Erth       16%        N/A       6%          4
 Dispersal                Tloc           16%        N/A       65%         6
 Summon Cactus Giant      Summ           16%        N/A       65%         6


Dungeon Overview and Level Annotations

Branches:
Dungeon (10/15)            Temple (1/1) D:7         Ossuary (visited)
   Lair: D:8-11         Orc: D:9-12

Altars:
Ashenzari
Cheibriados
Dithmenos
Elyvilon
Fedhas
Gozag
Hepliaklqana
Kikubaaqudgha
Makhleb
Nemelex Xobeh
Okawaru
Qazlal
Sif Muna
Trog
Uskayaw
Vehumet
Wu Jian
Xom
Yredelemnul
Zin
The Shining One

Shops:
D:4 [(   D:6 *


Innate Abilities, Weirdness & Mutations

You have very sharp teeth.
Your uncanny sense of smell can sniff out nearby items.
Your experience applies equally to all skills.
You are partially covered in iridescent scales. (AC +2)
You are clumsy. (Dex -2)
You are dopey. (Int -2)


Message History

The acid dragon claws you.
Casting: Shock (safe; 1% risk of failure)
Confirm with . or Enter, or press ? or * to list all spells.
Aiming: Shock (safe; 1% risk of failure)
Press: ? - help, Shift-Dir - straight line The zap misses the acid dragon.
The zap hits the acid dragon.
You kill the acid dragon!
The zap hits the two-headed ogre.
The two-headed ogre is moderately wounded.
Casting: Shock (safe; 1% risk of failure)
Confirm with . or Enter, or press ? or * to list all spells.
Aiming: Airstrike (dangerous; 2% risk of failure)
Press: ? - help, Dir - move target, f - two-headed ogre
Aim: a two-headed ogre, wielding a +0 dire flail and a +0 giant club (moderately wounded, empty space bonus: 7/8)
The air twists around and strikes the two-headed ogre!
The two-headed ogre is heavily wounded.
The two-headed ogre hits you with a +0 dire flail.
The two-headed ogre hits you with a +0 giant club!
Casting: Airstrike (dangerous; 2% risk of failure)
Confirm with . or Enter, or press ? or * to list all spells.
Aiming: Airstrike (dangerous; 2% risk of failure)
Press: ? - help, Dir - move target, f/p - two-headed ogre
Aim: a two-headed ogre, wielding a +0 dire flail and a +0 giant club (heavily wounded, empty space bonus: 7/8)
The air twists around and strikes the two-headed ogre!
The two-headed ogre is severely wounded.
Casting: Airstrike (dangerous; 2% risk of failure)
Confirm with . or Enter, or press ? or * to list all spells.
Aiming: Airstrike (dangerous; 2% risk of failure)
Press: ? - help, Dir - move target, f/p - two-headed ogre
Aim: a two-headed ogre, wielding a +0 dire flail and a +0 giant club (severely wounded, empty space bonus: 7/8)
The air twists around and strikes the two-headed ogre!
The two-headed ogre is almost dead.
The two-headed ogre hits you with a +0 dire flail!
The two-headed ogre hits you with a +0 giant club.
* * * LOW HITPOINT WARNING * * *
You hit the two-headed ogre.
The two-headed ogre is almost dead.
The two-headed ogre hits you with a +0 dire flail!!
You die...
Your body crumbles into a pile of gold.

##+#
###...#
#.$.#
###.####
#......# #
#..O...# ..
#..@...#
#.##......#
#.........#
####......#
#...[..#
###.####
##.# ###..#
#...##


You could see a two-headed ogre.

Vanquished Creatures
  A two-headed ogre (D:9)
  A centaur warrior (D:9)
  A cyclops (D:9)
  Maggie (D:6)
  A troll (D:9)
  A wyvern (D:8)
  A steam dragon (D:9)
  An acid dragon (D:10)
  A water moccasin (D:9)
  An orc warrior (D:6)
  An ice beast (D:8)
  5 ogres
  3 necrophages
  A centaur (D:9)
  A phantom (D:6)
  A kobold brigand (D:8)
  2 elf zombies (Ossuary)
  A bullfrog (D:8)
  7 scorpions
  A killer bee (D:8)
  2 electric eels (D:9)
  9 wights
  A centaur skeleton (D:7)
  A jelly (D:5)
  4 centaur zombies
  3 orc priests
  2 iguanas
  Ijyb (D:5)
  8 orc wizards
  Natasha (thrice) (D:3)
  2 killer bee zombies
  2 hound skeletons (D:4)
  2 mummies (Ossuary)
  A howler monkey skeleton (D:4)
  4 adders
  3 shadow imps
  2 ufetubi
  An adder zombie (Ossuary)
  2 worms
  A dart slug (D:4)
  17 orcs
  6 endoplasms
  9 giant cockroaches
  5 goblins
  6 hobgoblins
  3 kobolds
  5 quokkas
  3 training dummies (D:4)
  3 ball pythons
  5 bats
  5 frilled lizards
  2 goblin zombies (Ossuary)
  10 hobgoblin zombies (Ossuary)
  A jackal zombie (Ossuary)
  11 kobold zombies (Ossuary)
  8 orc zombies (Ossuary)
  6 rats (D:1)
192 creatures vanquished.

Vanquished Creatures (others)
  47 plants (D:9)
47 creatures vanquished.

Grand Total: 239 creatures vanquished

Notes
Turn   | Place    | Note
-------+----------+-------------------------------------------
     0 | D:1      | jiml777 the Gnoll Air Elementalist began the quest for the
                  | Orb.
     0 | D:1      | Reached XP level 1. HP: 13/13 MP: 6/6
    66 | D:1      | Reached XP level 2. HP: 19/19 MP: 1/7
    70 | D:1      | Learned a level 2 spell: Static Discharge
   622 | D:2      | Reached XP level 3. HP: 25/25 MP: 9/9
   626 | D:2      | Learned a level 3 spell: Swiftness
   698 | D:2      | Reached skill level 5 in Spellcasting
  1408 | D:3      | Reached skill level 1 in Invocations
  1499 | D:3      | Noticed Natasha
  1519 | D:3      | Killed Natasha
  1520 | D:3      | Reached skill level 1 in Fighting
  1520 | D:3      | Reached skill level 1 in Short Blades
  1520 | D:3      | Reached skill level 1 in Long Blades
  1520 | D:3      | Reached skill level 1 in Axes
  1520 | D:3      | Reached skill level 1 in Maces & Flails
  1520 | D:3      | Reached skill level 1 in Polearms
  1520 | D:3      | Reached skill level 1 in Staves
  1520 | D:3      | Reached skill level 1 in Slings
  1520 | D:3      | Reached skill level 1 in Bows
  1520 | D:3      | Reached skill level 1 in Crossbows
  1520 | D:3      | Reached skill level 1 in Throwing
  1520 | D:3      | Reached skill level 1 in Armour
  1520 | D:3      | Reached skill level 1 in Shields
  1520 | D:3      | Reached skill level 1 in Unarmed Combat
  1520 | D:3      | Reached skill level 1 in Evocations
  1520 | D:3      | Reached XP level 4. HP: 21/32 MP: 7/11
  1702 | D:3      | Noticed a sky beast
  1713 | D:3      | Noticed Natasha
  1732 | D:3      | Killed Natasha
  1733 | D:3      | Reached skill level 1 in Hexes
  1733 | D:3      | Reached skill level 1 in Summonings
  1733 | D:3      | Reached skill level 1 in Necromancy
  1733 | D:3      | Reached skill level 1 in Translocations
  1733 | D:3      | Reached skill level 1 in Transmutations
  1733 | D:3      | Reached skill level 1 in Fire Magic
  1733 | D:3      | Reached skill level 1 in Ice Magic
  1733 | D:3      | Reached skill level 1 in Earth Magic
  1733 | D:3      | Reached skill level 1 in Poison Magic
  1739 | D:3      | Reached XP level 5. HP: 12/37 MP: 4/12
  1808 | D:3      | Noticed Natasha
  1812 | D:3      | Killed Natasha
  1997 | D:3      | Identified the +2 robe of Obag {*Slow rF+++ Str+3 Int-3
                  | SInv}
  2479 | D:3      | Noticed an ogre
  2500 | D:3      | Killed an ogre
  2501 | D:3      | Reached XP level 6. HP: 12/44 MP: 9/13
  2733 | D:3      | Learned a level 4 spell: Airstrike
  2910 | D:4      | Found a sand-covered staircase.
  2915 | Ossuary  | Entered an ossuary
  3158 | Ossuary  | Reached skill level 5 in Dodging
  3538 | Ossuary  | Reached XP level 7. HP: 41/50 MP: 15/15
  4082 | D:4      | Found Koigin's Firing Range.
  4188 | D:4      | Found Unic's Armour Emporium.
  4314 | D:5      | Entered Level 5 of the Dungeon
  4328 | D:5      | Reached skill level 5 in Stealth
  5005 | D:5      | Reached XP level 8. HP: 49/57 MP: 16/16
  5750 | D:5      | Noticed Ijyb
  5753 | D:5      | Killed Ijyb
  6087 | D:6      | Learned a level 3 spell: Teleport Other
  6469 | D:6      | Found Kenis's General Store.
  6647 | D:6      | Identified a scroll of acquirement
  6647 | D:6      | Acquired 983 gold pieces
  6651 | D:6      | Noticed Maggie
  6674 | D:6      | Killed Maggie
  6675 | D:6      | Reached XP level 9. HP: 44/65 MP: 0/18
  6943 | D:4      | Bought a +1 helmet of intelligence for 214 gold pieces
  6943 | D:4      | Bought a +0 pair of boots for 58 gold pieces
  7996 | D:6      | Bought a potion of mutation for 104 gold pieces
  7996 | D:6      | Bought a scroll of identify for 26 gold pieces
  7996 | D:6      | Bought a scroll of identify for 26 gold pieces
  7996 | D:6      | Bought a scroll of identify for 26 gold pieces
  7997 | D:6      | Gained mutation: You are dopey. (Int -2) [potion of
                  | mutation]
  7997 | D:6      | Gained mutation: You are clumsy. (Dex -2) [potion of
                  | mutation]
  7997 | D:6      | Gained mutation: You are partially covered in iridescent
                  | scales. (AC +2) [potion of mutation]
  8644 | D:7      | Found a staircase to the Ecumenical Temple.
  8653 | Temple   | Entered the Ecumenical Temple
  8980 | Temple   | Became a worshipper of Gozag Ym Sagoz the Greedy
  9762 | D:8      | Reached skill level 5 in Invocations
 10651 | D:9      | Noticed a centaur warrior
 10662 | D:9      | Killed a centaur warrior
 10663 | D:9      | Reached skill level 5 in Fighting
 10663 | D:9      | Reached skill level 5 in Short Blades
 10663 | D:9      | Reached skill level 5 in Long Blades
 10663 | D:9      | Reached skill level 5 in Axes
 10663 | D:9      | Reached skill level 5 in Maces & Flails
 10663 | D:9      | Reached skill level 5 in Polearms
 10663 | D:9      | Reached skill level 5 in Staves
 10663 | D:9      | Reached skill level 5 in Slings
 10663 | D:9      | Reached skill level 5 in Bows
 10663 | D:9      | Reached skill level 5 in Crossbows
 10663 | D:9      | Reached skill level 5 in Throwing
 10663 | D:9      | Reached skill level 5 in Armour
 10663 | D:9      | Reached skill level 5 in Shields
 10663 | D:9      | Reached skill level 5 in Unarmed Combat
 10663 | D:9      | Reached skill level 5 in Evocations
 10663 | D:9      | Reached XP level 10. HP: 38/74 MP: 4/20
 10844 | D:9      | Acquired 889 gold pieces
 11059 | D:9      | Noticed a cyclops
 11088 | D:9      | Killed a cyclops
 11915 | D:9      | Noticed a two-headed ogre
 11922 | D:9      | Killed a two-headed ogre
 11923 | D:9      | Reached skill level 5 in Conjurations
 12068 | D:9      | Identified the +4 hand axe of Yesterday {freeze, Dex+3}
 12710 | D:10     | Entered Level 10 of the Dungeon
 12736 | D:10     | Noticed a two-headed ogre
 12750 | D:10     | Slain by a two-headed ogre

Illustrated notes

Levels and vault maps discovered:
D:1:      nzn_arrival_settlement, layout_basic
D:2:      layout_loops_cross
D:3:      layout_basic, uniq_natasha
D:4:      layout_rooms, gup_sewer_entry_pipe,
          lightli_ossuary_entry_decrepit_ruins, serial_shops,
          nicolae_shop_waterfront, nicolae_shop_firing_range
D:5:      layout_basic, minmay_misc_feat_ornament,
          chequers_serial_rivers_room_b, kennysheep_path_1,
          eino_small_chamber_without_monster, grunt_decor_fettered, uniq_ijyb
D:6:      layout_gridville, nicolae_take_the_stairs, uniq_maggie
D:7:      layout_basic, lemuel_temple_firewalk_b
D:8:      layout_loops_ring, wad_floor_pattern_untrapped, minmay_diced_spiral
D:9:      layout_irregular_city, serial_bayou, serial_bayou_ford_a,
          serial_bayou_pond_e, serial_bayou_shore_b, serial_bayou_lagoon_a,
          evilmike_butchery
D:10:     layout_roguey, mainiacjoe_overflow_six_doors_small,
          dpeg_lair_monsters, ploomutoo_gammafunk_ghost_potion_laboratory,
          feat_on_display
Temple:   mainiacjoe_temple_circle_huts

Skill      XL: |  1  2  3  4  5  6  7  8  9 10 |
---------------+-------------------------------+-----
Conjurations   | 2 3 4 5 |  5.1
Spellcasting   | 5 6 7 |  7.5
Invocations    | 1 2 3 4 5 6 |  6.1
Fighting       | 1 2 3 5 |  5.5
Short Blades   | 1 2 3 5 |  5.5
Long Blades    | 1 2 3 5 |  5.5
Axes           | 1 2 3 5 |  5.5
Maces & Flails | 1 2 3 5 |  5.5
Polearms       | 1 2 3 5 |  5.5
Staves         | 1 2 3 5 |  5.5
Slings         | 1 2 3 5 |  5.5
Bows           | 1 2 3 5 |  5.5
Crossbows      | 1 2 3 5 |  5.5
Throwing       | 1 2 3 5 |  5.5
Armour         | 1 2 3 5 |  5.5
Shields        | 1 2 3 5 |  5.5
Unarmed Combat | 1 2 3 5 |  5.5
Evocations     | 1 2 3 5 |  5.5
Hexes          | 1 2 3 4 |  4.6
Summonings     | 1 2 3 4 |  4.6
Necromancy     | 1 2 3 4 |  4.6
Translocations | 1 2 3 4 |  4.6
Transmutations | 1 2 3 4 |  4.6
Fire Magic     | 1 2 3 4 |  4.6
Ice Magic      | 1 2 3 4 |  4.6
Earth Magic    | 1 2 3 4 |  4.6
Poison Magic   | 1 2 3 4 |  4.6
Dodging        | 5 6 7 |  7.3
Stealth        | 5 6 7 |  7.0
Air Magic      | 6 7 |  7.2

Action                   |  1- 3 |  4- 6 |  7- 9 | 10-12 || total
-------------------------+-------+-------+-------+-------++-------
Melee: Dagger            |    66 |   137 |   274 |    69 ||   546
       Bite              |     5 |    19 |    38 |    12 ||    74
       Unarmed           |     2 |       |       |       ||     2
       Punch             |       |       |     9 |     1 ||    10
       Falchion          |       |       |    34 |       ||    34
 Cast: Shock             |    31 |    33 |    14 |     6 ||    84
       Airstrike         |       |     2 |    46 |    30 ||    78
       Swiftness         |       |       |       |     1 ||     1
  Use: Scroll            |       |     2 |    19 |     3 ||    24
       Potion            |       |       |     2 |       ||     2
 Stab: Sleeping          |     7 |     2 |     8 |       ||    17
Armor: Robe              |    18 |    26 |    14 |       ||    58
       Acid dragon scale |       |       |    63 |    38 ||   101
Dodge: Dodged            |    63 |   102 |   166 |    49 ||   380
